AoeStats
← tomaslardizabal

Arabia

504871807Analyzed
2v2 RM · 27d ago on Sep 6, 2026· 38m 4s· 4 players
Game mode
Random Map
Map size
Medium (4 player)
Population
200
Speed
Normal
Resources
Standard
Victory
Conquest
Starting age
Dark Age
Ending age
Imperial Age
RankedLock teamsTeams togetherTeam positionsShared explorationLock speedFull tech treeHidden civsTurbo modeCheats
Victory
Defeat
🇲🇽 Byzantines · Mexico
710
+12
🇦🇷 Malians · Argentina
686
+13
🇫🇷 Vikings · France
714
-16
🇫🇷 Franks · France
534
-9
BrawnyBranch314
0:36 Loom
11:48 Feudal Age
20:41 Castle Age
18:52 Horse Collar
19:05 Gold Mining
24:05 Gold Shaft Mining
23:55 Crossbowman
25:09 Stone Mining
26:54 Fletching
27:04 Padded Archer Armor
29:46 Thumb Ring
38:16 Wheelbarrow
tomaslardizabal
1:37 Loom
9:54 Feudal Age
10:24 Double-Bit Axe
10:04 Man-at-Arms
11:35 Gold Mining
11:41 Gold Mining
22:56 Castle Age
22:23 Scale Mail Armor
23:20 Forging
24:59 Pikeman
27:02 Horse Collar
30:14 Squires
33:18 Iron Casting
35:11 Wheelbarrow
35:17 Long Swordsman
Vazy
7:39 Loom
13:34 Feudal Age
13:52 Man-at-Arms
18:08 Double-Bit Axe
18:08 Horse Collar
23:47 Scale Mail Armor
23:59 Forging
26:45 Castle Age
27:58 Chain Mail Armor
28:19 Iron Casting
27:08 Long Swordsman
27:08 Pikeman
29:01 Long Swordsman
29:27 Gambesons
29:43 Squires
30:41 Arson
36:55 Bow Saw
36:49 Heavy Plow
37:33 Gold Mining
Polo
13:05 Feudal Age
13:38 Loom
28:31 Scale Barding Armor
Connection lost

Rejoining the realm…

Still unreachable

The connection could not be restored.

Session expired

The server has moved on; the page needs a fresh start.